Map: Frozen Temple

Players

Fropez - Winner!

  • Race: Protoss Protoss
  • League: Silver
  • Spawn Location: 11:00

JobChae

  • Race: Terran Terran
  • League: Silver
  • Spawn Location: 5:00

VOD

Have the link to the VOD?

Description

Time

  • Played on: June 23, 2016, 5:12 p.m.
  • Length: 23:37
Show
View Real Time Build Order
Export as new Build Order

Fropez Protoss - Winner!

Build Orders: Mass Adepts 

Get SALT Encoding   

  12  0:10  Pylon  
  12  0:14  Probe (Chrono Boost)  
  13  0:29  Gateway  
  13  0:33  Probe (Chrono Boost)  
  14  0:45  Pylon  
  14  0:49  Pylon  
  14  0:51  Probe (Chrono Boost)  
  15  0:57  Pylon  
  15  1:02  Probe (Chrono Boost)  
  16  1:16  Cybernetics Core  
  16  1:25  Gateway  
  16  1:28  Probe (Chrono Boost)  
  17  1:39  Gateway  
  17  1:42  Probe (Chrono Boost)  
  18  1:49  Assimilator  
  18  1:56  Assimilator  
  18  2:09  Pylon  
  17  2:28  Adept x2  
  21  2:30  Adept  
  23  2:40  Warp Gate (Chrono Boost)  
  23  2:55  Adept x2  
  27  3:01  Probe  
  28  3:33  Probe  
  29  3:37  Adept x2  
  29  3:38  Adept  
  35  3:45  Forge  
  35  3:53  Pylon  
  35  4:18  Protoss Ground Weapons Level 1 (Chrono Boost)  
  35  4:23  Probe  
  36  4:31  Adept x3  
  20  5:28  Adept  
  20  5:29  Adept x2  
  26  5:40  Gateway  
  26  5:41  Gateway  
  26  5:45  Mothership Core  
  28  5:55  Pylon  
  28  5:58  Pylon  
  28  6:01  Pylon  
  28  6:02  Adept x2  
  32  6:08  Adept  
  34  6:36  Pylon  
  34  6:48  Adept x4  
  34  6:52  Probe  
  43  7:22  Adept x4  
  51  7:46  Adept x4  
  59  8:04  Probe  
  60  8:05  Stargate  
  58  8:43  Probe  
  59  8:55  Phoenix (Chrono Boost)  
  61  8:57  Nexus  
  61  9:02  Protoss Air Weapons Level 1  
  61  9:17  Phoenix (Chrono Boost)  
  63  9:26  Pylon  
  63  9:37  Probe  
  64  9:39  Phoenix (Chrono Boost)  
  66  10:09  Probe  
  66  10:11  Probe  
  68  10:17  Assimilator  
  68  10:19  Assimilator  
  68  10:21  Pylon  
  68  10:22  Phoenix (Chrono Boost)  
  68  10:24  Pylon  
  68  11:31  Phoenix (Chrono Boost)  
  68  11:53  Phoenix (Chrono Boost)  
  70  11:58  Stargate  
  70  11:59  Gateway  
  70  12:03  Gateway  
  68  12:14  Phoenix (Chrono Boost)  
  59  12:27  Probe  
  59  12:28  Probe  
  61  12:37  Probe  
  61  12:41  Probe  
  63  12:46  Phoenix (Chrono Boost)  
  63  12:50  Phoenix (Chrono Boost)  
  45  13:54  Phoenix (Chrono Boost)  
  49  13:56  Probe  
  49  13:57  Phoenix (Chrono Boost), Probe  
  51  14:12  Pylon, Nexus  
  51  14:13  Pylon  
  51  14:16  Phoenix (Chrono Boost)  
  53  14:21  Pylon  
  53  14:22  Phoenix (Chrono Boost)  
  55  14:34  Probe  
  55  14:35  Probe  
  59  14:46  Phoenix (Chrono Boost)  
  59  14:48  Probe  
  59  14:49  Phoenix (Chrono Boost)  
  62  14:57  Probe  
  61  15:48  Probe  
  61  15:49  Probe  
  62  15:50  Probe  
  64  15:57  Pylon  
  64  15:58  Probe  
  64  15:59  Twilight Council, Probe  
  64  16:00  Gateway  
  66  16:07  Probe  
  66  16:09  Probe  
  66  16:10  Probe  
  68  16:16  Phoenix (Chrono Boost)  
  73  16:20  Phoenix (Chrono Boost), Probe  
  74  16:49  Probe  
  74  16:51  Probe  
  74  16:52  Probe, Fleet Beacon  
  76  16:55  Assimilator  
  76  16:57  Assimilator  
  76  17:00  Probe  
  77  17:03  Probe x2  
  78  17:10  Probe  
  78  17:15  Probe  
  78  17:33  Probe x2  
  78  17:34  Probe  
  73  17:55  Probe  
  73  17:56  Probe  
  73  17:57  Probe  
  74  17:59  Zealot  
  74  18:00  Zealot x4  
  74  18:01  Zealot x2  
  81  18:21  Charge (Chrono Boost)  
  81  18:36  Tempest x2 (Chrono Boost)  
  81  18:39  Protoss Shields Level 1  
  81  18:41  Protoss Air Weapons Level 2  
  89  18:49  Probe x2  
  89  18:50  Probe  
  92  19:10  Nexus  
  92  19:11  Assimilator  
  92  19:14  Tempest x2 (Chrono Boost)  
  100  19:27  Pylon  
  100  19:29  Pylon  
  100  19:31  Pylon  
  100  19:51  Tempest x2 (Chrono Boost)  
  108  20:01  Zealot  
  108  20:02  Zealot x3  
  108  20:04  Zealot  
  114  20:22  Zealot  
  114  20:23  Zealot x2  
  128  20:28  Tempest x2 (Chrono Boost)  
  128  20:46  Zealot x5  
  138  20:51  Probe  
  138  20:52  Probe x3  
  142  20:57  Protoss Air Armor Level 1 (Chrono Boost)  
  142  21:03  Tempest (Chrono Boost)  
  142  21:04  Tempest (Chrono Boost)  
  150  21:43  Pylon  
  150  21:45  Pylon  
  146  21:47  Pylon  
  146  21:51  Assimilator  
  146  21:54  Assimilator  
  134  22:32  Zealot x3  
  134  22:33  Zealot x4  
  134  22:36  Tempest x2  
  136  23:29  Zealot  
  136  23:30  Zealot x5  
Show
View Real Time Build Order
Export as new Build Order

JobChae Terran 

Build Orders: MMM Bio 

Get SALT Encoding   

  12  0:03  SCV  
  13  0:20  Supply Depot  
  13  0:21  SCV  
  14  0:42  SCV  
  15  0:46  Barracks  
  15  0:53  Refinery  
  15  0:54  SCV  
  16  1:08  Supply Depot  
  16  1:11  SCV  
  17  1:25  SCV  
  18  1:37  Refinery, Reaper  
  19  1:42  Orbital Command  
  19  2:10  Barracks Reactor  
  19  2:29  SCV  
  20  2:35  Factory  
  20  2:43  SCV  
  21  2:45  Marine  
  21  2:46  Marine  
  23  2:55  SCV  
  23  3:03  Marine x2  
  24  3:21  Marine x2  
  26  3:31  Factory Tech Lab  
  26  3:34  Starport  
  26  3:39  Marine x2  
  26  3:41  SCV, Engineering Bay  
  29  3:43  Bunker  
  29  3:49  Supply Depot  
  29  4:06  Marine  
  29  4:07  Marine  
  31  4:10  Siege Tank  
  31  4:12  Medivac  
  31  4:13  Supply Depot  
  31  4:16  SCV  
  37  4:18  Barracks  
  37  4:20  Terran Infantry Weapons Level 1  
  37  4:27  Marine  
  38  4:49  Supply Depot  
  19  5:08  SCV  
  18  5:20  SCV  
  18  5:29  Marine x2  
  18  5:31  Barracks Tech Lab  
  18  5:32  SCV  
  21  5:48  Marine  
  21  5:49  Marine  
  23  5:50  Stimpack  
  23  5:52  SCV  
  24  6:10  Missile Turret  
  24  6:29  Medivac  
  26  6:34  SCV  
  26  6:39  Marine  
  28  6:42  Liberator  
  31  7:21  Marine x3  
  34  7:23  Siege Tank  
  38  7:37  SCV  
  38  7:38  Marine  
  38  7:39  Marine x2  
  41  7:49  SCV  
  42  8:11  SCV  
  43  8:44  Combat Shields  
  43  9:02  Command Center  
  43  9:08  SCV  
  44  9:20  SCV  
  44  9:21  Marine  
  46  9:32  SCV  
  46  9:34  Starport Reactor  
  47  10:12  Medivac x2  
  47  10:13  SCV  
  53  10:17  Orbital Command  
  53  10:18  Marine x2  
  54  10:25  SCV  
  52  10:54  Marine x3  
  55  11:12  Marine x3  
  58  11:27  SCV x2  
  58  11:32  Terran Infantry Armor Level 1  
  60  11:33  Missile Turret  
  43  12:23  SCV x2  
  43  12:24  Marine x3  
  43  12:26  Viking  
  47  12:35  SCV x2  
  49  12:38  Cyclone  
  49  12:42  Marine  
  54  12:47  Marine x2, SCV x2  
  54  12:50  Medivac  
  60  12:57  Viking  
  62  12:59  SCV  
  62  13:00  Marine  
  64  13:06  SCV  
  64  13:09  Missile Turret  
  64  13:11  Orbital Command  
  64  13:12  SCV  
  58  13:37  SCV x2  
  58  13:38  Marine x3  
  63  13:49  SCV  
  64  13:56  Marine x2, Refinery  
  64  13:58  Refinery  
  66  14:10  SCV x2  
  66  14:14  Marine x2  
  70  14:19  Barracks  
  70  14:25  Marine  
  71  14:32  Marine  
  72  14:50  Viking  
  72  14:51  Viking  
  76  14:55  SCV x2  
  78  15:02  Missile Turret  
  78  15:05  Supply Depot x3, Missile Turret  
  78  15:12  Missile Turret  
  78  15:18  Marine  
  78  15:21  Marine  
  77  15:35  Supply Depot  
  77  15:40  Supply Depot  
  74  15:43  Barracks Tech Lab  
  74  15:45  Barracks Reactor  
  76  15:52  Viking  
  76  16:01  SCV  
  76  16:02  SCV  
  78  16:10  Marine x2  
  80  16:39  Command Center  
  80  16:46  SCV  
  81  16:47  Marine  
  82  17:16  Marine x3  
  82  17:17  Marine  
  82  17:18  Viking x2  
  89  17:48  Viking x2  
  82  18:18  Viking x2  
  74  18:23  Marine x3  
  74  18:24  Marine x2  
  62  18:41  Marine x2  
  62  18:45  Orbital Command, SCV  
  62  18:46  SCV  
  62  18:48  Marine, Viking x2  
  71  18:58  SCV  
  72  19:17  Missile Turret  
  72  19:18  Viking x2  
  76  19:32  SCV x2  
  76  19:36  Armory  
  76  19:38  Missile Turret  
  78  19:42  Marine x3  
  81  19:48  Medivac  
  81  19:49  Marine x2  
  85  19:53  SCV x2  
  86  20:00  Marine x3  
  89  20:07  Marine x2  
  91  20:18  Marine x3  
  91  20:19  Medivac x2  
  98  20:23  SCV  
  98  20:27  Terran Ship Weapons Level 1  
  99  20:47  Marine x2  
  99  20:48  Marine x3  
  99  20:49  Viking x2  
  108  20:52  Concussive Shells  
  108  21:06  Marauder  
  110  21:13  SCV x2  
  110  21:14  SCV  
  110  21:17  Refinery x2  
  113  21:19  Viking x2  
  117  21:28  SCV x2, Marauder  
  117  21:30  Starport  
  121  21:33  Barracks  
  121  21:49  Viking x2, Marauder  
  89  22:41  Viking x2  
  93  22:45  Medivac  
  93  22:47  Barracks Reactor  
Tags
 
Matchup
PvT
Replay Pack
All Mines
Spawn Locations
Cross Positions
Add a new tag
Caveats
  • Supply blocks, unpowered buildings, or Contaminate may cause inaccurate times.
  • Supply counts are checked every 10 seconds.